 Dungeon Crawl Stone Soup version 0.16-a0-3467-gfe061fe (webtiles) character file.

4055 NewYearsCrawler the Cleaver (level 10, -2/70 HPs)
             Began as a Formicid Fighter on Jan 2, 2015.
             Was an Initiate of Okawaru.
             Splashed by a jelly's acid (9 damage)
             ... on level 8 of the Dungeon.
             The game lasted 00:13:37 (8412 turns).

NewYearsCrawler the Cleaver (Formicid Fighter)      Turns: 8412, Time: 00:13:40

Health: -2/70      AC: -5    Str: 22 (25) XL:     10   Next: 48%
Magic:  13/13      EV:  9    Int:  7 (10) God:    Okawaru [......]
Gold:   432        SH: 11    Dex: 10      Spells: 0 memorised, 9 levels left

rFire  . . .     SeeInvis +     u - +8 mace "Sumewuig" {venom, rC+}
rCold  + + .     Clarity  .     g - +3 scale mail {rC+}
rNeg   . . .     SustAb   .     c - +0 shield
rPois  .         Gourm    .     (helmet unavailable)
rElec  .         Spirit   .     i - +0 cloak
rCorr  .         Warding  .     (no gloves)
rMut   .         Stasis   +     t - +0 pair of boots
MR     +....                    (no amulet)
Stlth  ..........               x - +4 ring of intelligence
                                l - +1 ring of strength

@: corroded equipment, starving, somewhat resistant to hostile enchantments,
extremely unstealthy
A: permanent stasis, dig shafts and tunnels, four strong arms, antennae 3,
deformed body, deterioration 1, dopey 1
a: Dig, Shaft Self, Renounce Religion


You were on level 8 of the Dungeon.
You worshipped Okawaru.
Okawaru was noncommittal.
You were starving.

You visited 2 branches of the dungeon, and saw 9 of its levels.

You collected 432 gold pieces.

Inventory:

Hand weapons
 u - the +8 mace "Sumewuig" (weapon) {venom, rC+}
   (You found it on level 5 of the Dungeon)

   It poisons the flesh of those it strikes.
   It protects you from cold.
 C - a +2 war axe of chopping
Missiles
 p - 8 tomahawks (quivered)
Armour
 c - a +0 shield (worn)
 g - a +3 scale mail of cold resistance (worn)
 i - a +0 cloak (worn)
 t - a +0 pair of boots (worn)
Jewellery
 l - a +1 ring of strength (left hand)
 x - a +4 ring of intelligence (right hand)
Magical devices
 e - a wand of magic darts (20)
 h - a wand of polymorph (0)
 y - a wand of disintegration (15)
 B - a wand of cold (3)
Scrolls
 b - 5 scrolls of magic mapping
 m - 2 scrolls of immolation
 n - 3 scrolls of identify
 q - a scroll of enchant weapon
 r - a scroll of enchant armour
 A - a scroll of amnesia
 D - a scroll of fear
Potions
 a - a potion of brilliance
 f - a potion of magic
 j - a potion of invisibility
 w - a potion of curing
Books
 z - a book of Fire

   Spells                             Type                      Level
   a - Ignite Poison                  Fire/Transmutation           5
   b - Fireball                       Conjuration/Fire             5
   c - Bolt of Fire                   Conjuration/Fire             6
   d - Delayed Fireball               Conjuration/Fire             7
   e - Ring of Flames                 Charms/Fire                  7
Comestibles
 d - 9 bread rations
 k - 5 meat rations
 o - 4 fruits
 s - 3 beef jerkies
 v - 11 royal jellies
 E - a slice of pizza
 F - 5 chunks of flesh


   Skills:
 - Level 3.2 Fighting
 * Level 12.6 Axes
 - Level 3.2 Armour
 - Level 9.0 Shields


You had 9 spell levels left.
You didn't know any spells.

Dungeon Overview and Level Annotations

Branches:
Dungeon (8/15)             Temple (1/1) D:7
   Lair: D:8-11

Altars:
Ashenzari
Cheibriados
Dithmenos
Elyvilon
Fedhas
Kikubaaqudgha
Makhleb
Nemelex Xobeh
Okawaru
Qazlal
Sif Muna
Trog
Vehumet
Xom
Yredelemnul
Zin
The Shining One


Innate Abilities, Weirdness & Mutations

You are under a permanent stasis effect.
You can dig through walls and to a lower floor.
Your four strong arms can wield two-handed weapons with a shield.
You have a pair of large antennae on your head (SInv).
Armour fits poorly on your strangely shaped body.
Your body is slowly deteriorating.
You are dopey. (Int -2)


Message History

You miss the hungry ghost.
The hungry ghost is heavily damaged.
The centaur closely misses you. The orc closely misses you.
The hungry ghost hits you.
You are starving!
You block the jelly's attack.
You hit the hungry ghost.
The hungry ghost is heavily damaged.
The centaur hits you!
* * * LOW HITPOINT WARNING * * *
The orc hits you.
* * * LOW HITPOINT WARNING * * *
The hungry ghost hits you.
* * * LOW HITPOINT WARNING * * *
You feel somewhat more hungry. The centaur hits you.
* * * LOW HITPOINT WARNING * * *
The jelly hits you.
* * * LOW HITPOINT WARNING * * *
You are splashed with acid!
The acid corrodes your equipment!
The acid burns!
You die...

#...#(.(.(.)..#
####.#.#..###########
##........####.. ...
##.#|........#.# ..#
..........##.#.###..###.
##........##.#.#........
.#.#>....###.#.......#..
.#.##....###.#.coJ.......
.#..............@W.......
.####...######....#.##.#.
.# #...# ###...# ## #...#
#.....# #####...###
#.....#
..........###.....####
.....................#
........[............#
#####...#......_........


You could see a hungry ghost, a centaur, a jelly and an orc.

Vanquished Creatures
  The ghost of ConnectionFaild the Tainter, an average OpVM (D:4)
  A hungry ghost (D:8)
  A deep elf mage (D:7)
  3 ice beasts
  2 orc warriors
  A necrophage (D:8)
  A sky beast (D:8)
  3 phantoms
  A black bear (D:8)
  An ogre (D:4)
  A centaur (D:6)
  2 giant frogs
  Blork the orc (D:4)
  5 jellies
  14 killer bees
  3 wights (D:7)
  A goliath beetle (D:8)
  3 giant frog zombies
  A centaur zombie (D:5)
  5 orc wizards
  Crazy Yiuf (D:5)
  2 giant frog skeletons
  5 hounds
  2 iguanas
  3 orc priests
  A centaur skeleton (D:5)
  2 worker ants
  Ijyb (D:7)
  2 hound zombies
  Terence (D:2)
  13 adders
  10 gnolls
  A river rat (D:4)
  2 giant mites
  2 worms
  11 giant geckos
  7 oozes
  41 orcs
  16 bats
  2 bat skeletons
  16 hobgoblins
  6 jackals
  5 giant cockroaches
  3 giant cockroach zombies
  A giant gecko skeleton (D:5)
  3 giant newts
  21 goblins
  A jackal zombie (D:5)
  17 kobolds
  9 quokkas
  A quokka skeleton (D:4)
  19 rats
278 creatures vanquished.

Vanquished Creatures (others)
  A quokka (D:3)
1 creature vanquished.

Grand Total: 279 creatures vanquished

Notes
Turn   | Place    | Note
--------------------------------------------------------------
     0 | D:1      | NewYearsCrawler, the Formicid Fighter, began the quest for the Orb.
     0 | D:1      | Reached XP level 1. HP: 18/18 MP: 1/1
   258 | D:1      | Reached skill level 4 in Shields
   258 | D:1      | Reached XP level 2. HP: 24/24 MP: 3/3
   524 | D:1      | Reached XP level 3. HP: 29/29 MP: 4/4
   844 | D:2      | Found a basalt altar of Yredelemnul.
   862 | D:2      | Reached skill level 5 in Shields
  1051 | D:2      | Reached XP level 4. HP: 28/35 MP: 5/5
  1557 | D:2      | Noticed Terence
  1576 | D:2      | Killed Terence
  1576 | D:2      | Reached XP level 5. HP: 41/41 MP: 7/7
  1637 | D:2      | Reached skill level 6 in Shields
  1837 | D:3      | Found a white marble altar of Elyvilon.
  1870 | D:3      | Found a sparkling altar of Nemelex Xobeh.
  1881 | D:3      | Gained mutation: Armour fits poorly on your strangely shaped body. [potion of mutation]
  1881 | D:3      | Gained mutation: You are dopey. (Int -2) [potion of mutation]
  1881 | D:3      | Gained mutation: Your body is slowly deteriorating. [potion of mutation]
  1887 | D:3      | Reached XP level 6. HP: 22/47 MP: 8/8
  2152 | D:3      | Reached skill level 7 in Shields
  2455 | D:3      | Found a shattered altar of Ashenzari.
  2689 | D:4      | Reached XP level 7. HP: 40/52 MP: 9/9
  2867 | D:4      | Reached skill level 5 in Axes
  3112 | D:4      | Reached skill level 8 in Shields
  3312 | D:4      | Noticed ConnectionFaild's ghost (average OpVM)
  3325 | D:4      | Killed ConnectionFaild's ghost
  3325 | D:4      | Reached XP level 8. HP: 22/58 MP: 11/11
  3881 | D:4      | Noticed Blork the orc
  3920 | D:4      | Killed Blork the orc
  3920 | D:4      | Reached skill level 9 in Shields
  4238 | D:4      | You fall through a shaft for 3 floors!
  4255 | D:7      | Noticed Ijyb
  4270 | D:7      | Killed Ijyb
  4350 | D:7      | Reached XP level 9. HP: 54/64 MP: 12/12
  4701 | D:5      | Entered Level 5 of the Dungeon
  5376 | D:5      | Got an iridescent mace
  5377 | D:5      | Identified the +8 mace "Sumewuig" {venom, rC+} (You found it on level 5 of the Dungeon)
  5412 | D:5      | Noticed Crazy Yiuf
  5417 | D:5      | Killed Crazy Yiuf
  5686 | D:6      | Reached skill level 10 in Axes
  6128 | D:6      | Found a shadowy altar of Dithmenos.
  6365 | D:6      | Found a glowing silver altar of Zin.
  6386 | D:6      | Got an ichor-stained falchion
  6401 | D:6      | Identified the +6 falchion of the Lost Lies {flame, +Inv} (You found it on level 6 of the Dungeon)
  6580 | D:6      | Reached skill level 11 in Axes
  6677 | D:6      | Reached XP level 10. HP: 37/70 MP: 13/13
  7281 | D:7      | Found a staircase to the Ecumenical Temple.
  7382 | D:7      | Got a transparent helmet
  7385 | D:7      | Identified the +1 helmet of Tartarus {+Inv} (You found it on level 7 of the Dungeon)
  7396 | Temple   | Entered the Ecumenical Temple
  7424 | Temple   | Became a worshipper of Warmaster Okawaru
  8016 | D:8      | Reached skill level 12 in Axes
  8020 | D:8      | Found a snail-covered altar of Cheibriados.
  8078 | D:8      | Found a deep blue altar of Sif Muna.
  8412 | D:8      | Splashed by a jelly's acid

Action                   |  1- 3 |  4- 6 |  7- 9 | 10-12 || total
-------------------------+-------+-------+-------+-------++-------
Melee: War axe           |    77 |   186 |   376 |       ||   639
       Unarmed           |       |       |    17 |       ||    17
       Mace              |       |       |    97 |   181 ||   278
 Abil: Dig               |       |       |     4 |       ||     4
  Use: Potion            |       |     6 |     7 |     1 ||    14
       Scroll            |       |     1 |     7 |     3 ||    11
 Stab: Invisible         |       |       |     2 |       ||     2
  Eat: Chunk             |       |     6 |    14 |     6 ||    26
